 Dungeon Sprint DCSS version 0.29-a0-857-g9b1aa3ac5b (webtiles) character file.

Game seed: 15524376080308868617

2275 manyhoops the Brawler (level 9, -5/159 HPs)
             Began as a Troll Berserker on July 16, 2022.
             Was an Elder of Trog.
             Slain by a kraken (14 damage)
             ... in the Dungeon (Sprint II: "The Violet Keep of Menkaure").
             The game lasted 00:02:49 (391 turns).

manyhoops the Brawler (Troll Berserker)              Turns: 391, Time: 00:02:50

Health: -5/159     AC:  6    Str: 31    XL:     9   Next: 16%
Magic:  8/8        EV: 10    Int:  3    God:    Trog [****..]
Gold:   214        SH:  0    Dex:  9    Spells: 8/8 levels left

rFire   . . .      SeeInvis .     - Unarmed
rCold   . . .      Faith    .   (no shield)
rNeg    . . .      Spirit   .   a - +0 animal skin
rPois   .          Reflect  .   u - +2 hat
rElec   .          Harm     .   (no cloak)
rCorr   .          Rampage  .   (gloves unavailable)
Will    ++...      NoTele   +   (boots unavailable)
Stlth   ..........              (no amulet)
HPRegen 2.16/turn               k - ring of flight
MPRegen 0.11/turn               (no ring)

@: berserking (expiring), strong-willed, flying, regenerating, very quick
A: large, unfitting armour, claws 3, regeneration 1, shaggy fur 1, tough skin 1
a: Renounce Religion, Berserk, Trog's Hand, Brothers in Arms


You were in the Dungeon.
You worshipped Trog.
Trog was greatly pleased with you.
You visited 1 branch You collected 1088 gold pieces.
You spent 874 gold pieces at shops.

Inventory:

Missiles
 y - a throwing net (quivered)
Armour
 a - a +0 animal skin (worn)
 u - a +2 hat (worn)
Jewellery
 k - a ring of flight (left claw)
 n - an amulet of magic regeneration
 z - a ring of fire
Scrolls
 g - 3 scrolls of blinking
 h - a scroll of magic mapping
 m - 3 scrolls of enchant weapon
 p - a scroll of fog
 t - a scroll of brand weapon
 v - a scroll of immolation
 A - 2 scrolls of vulnerability
Potions
 b - 6 potions of curing
 c - 3 potions of heal wounds
 d - 3 potions of haste
 e - 7 potions of magic
 f - 2 potions of berserk rage
 i - 2 potions of cancellation
 j - 4 potions of flight
 l - 2 potions of degeneration
 o - 2 potions of brilliance {unknown}
 r - a potion of ambrosia {unknown}
 s - 3 potions of resistance {unknown}
 w - 2 potions of might {unknown}
 x - a potion of lignification {unknown}


   Skills:
 + Level 11.9 Fighting
 - Level 2.4 Dodging
 + Level 15.8 Unarmed Combat


You had 8 spell levels left.
You didn't know any spells.
Your spell library was empty.

Dungeon Overview and Level Annotations

Branches:
Dungeon (1/1)

Altars:
Cheibriados
Dithmenos
Elyvilon
Fedhas
Gozag
Hepliaklqana
Kikubaaqudgha
Makhleb
Nemelex Xobeh
Okawaru
Qazlal
Ru
Sif Muna
Trog
Uskayaw
Vehumet
Wu Jian
Xom
Yredelemnul
Zin
The Shining One
Jiyva
Lugonu

Shops:
D [::=((=[!*![?*(

Annotations:
D exclusion: oklob plant


Innate Abilities, Weirdness & Mutations

You are too large for most types of armour.
You have claws for hands.
Your natural rate of healing is unusually fast.
You are covered in fur. (AC +1)
You have tough skin. (AC +1)


Message History

You feel yourself moving faster!
You feel mighty!
Tentacles burst out of the water! 2 tentacles come into view.
You feel a strong urge to attack something.
The tentacle slaps you. The tentacle slaps you!
You closely miss the tentacle. The tentacle slaps you!!
The tentacle slaps you but does no damage.
You claw the tentacle!
The tentacle is moderately wounded.
You mangle the tentacle!!
The tentacle is severely wounded.
The tentacle slaps you! x2
You closely miss the tentacle.
The tentacle is severely wounded.
The tentacle slaps you!! The tentacle slaps you!
You mangle the tentacle!!
You kill the tentacle!
The tentacle slaps you. The tentacle slaps you! The kraken bites you!
* * * LOW HITPOINT WARNING * * *
The tentacle slaps you.
* * * LOW HITPOINT WARNING * * *
You mangle the kraken!!
The kraken is moderately wounded.
The tentacle slaps you!!
* * * LOW HITPOINT WARNING * * *
The kraken misses you.
You mangle the kraken!!
The kraken is heavily wounded.
The tentacle completely misses you. The tentacle slaps you!
* * * LOW HITPOINT WARNING * * *
You claw the kraken!
The kraken is heavily wounded.
The kraken barely misses you.
The tentacle slaps you but does no damage.
The tentacle slaps you.
* * * LOW HITPOINT WARNING * * *
You scratch the kraken. You claw the kraken!
The kraken is severely wounded.
The kraken bites you!
You die...

#)|▓......[.▓▓
.####°)▓[.......▓▓
...####▓[..[[:(.▓▓
#..# #▓[.(....)▓▓
+..# #▓.[.....(▓▓
#..# #▓....)[..▓▓
#..####▓...:..).▓▓
##...##▓▓▓▓▓▓▓'▓▓▓▓+▓
.≈≈≈≈≈≈≈†≈≈≈≈≈..@X≈≈▓
.≈#'########'###www≈▓
.≈#.._._._.#§≈≈##≈≈≈▓
.≈#._._._..#§≈≈≈####▓
≈≈#_._._._.#≈§≈≈§#
≈≈#._._._._#≈≈≈§≈≈#
≈≈#.._._._.#≈≈≈§§≈+
§≈#..._._._#≈§≈≈≈≈#
≈§#...._._.#§§≈≈≈≈▓


You could see a kraken and 3 tentacles.

Vanquished Creatures
  2 boulder beetles (D)
  2 wyverns (D)
  Menkaure (D)
  4 water moccasins (D)
  4 scorpions (D)
  2 worms (D)
  A tentacle (D)
16 creatures vanquished.

Vanquished Creatures (others)
  12 tentacles (D)
12 creatures vanquished.

Grand Total: 28 creatures vanquished

Notes
Turn   | Place    | Note
-------+----------+-------------------------------------------
     0 | D        | manyhoops the Troll Berserker began the quest for the Orb.
     0 | D        | Reached XP level 1. HP: 22/22 MP: 0/0
     1 | D        | Noticed a wyvern
     1 | D        | Noticed a wyvern
     9 | D        | Killed a wyvern
    10 | D        | Reached skill level 7 in Unarmed Combat
    10 | D        | Reached XP level 2. HP: 28/37 MP: 1/1
    10 | D        | Reached XP level 3. HP: 34/45 MP: 2/2
    10 | D        | Reached XP level 4. HP: 41/53 MP: 3/3
    16 | D        | Killed a wyvern
    17 | D        | Reached skill level 9 in Unarmed Combat
    17 | D        | Reached XP level 5. HP: 20/63 MP: 4/4
    17 | D        | Reached XP level 6. HP: 23/72 MP: 5/5
    77 | D        | Reached ** piety under Trog
    78 | D        | Reached skill level 10 in Unarmed Combat
    89 | D        | Reached skill level 11 in Unarmed Combat
    89 | D        | Reached XP level 7. HP: 80/83 MP: 6/6
    97 | D        | Reached *** piety under Trog
   106 | D        | Noticed a boulder beetle
   106 | D        | Noticed a boulder beetle
   114 | D        | Killed a boulder beetle
   115 | D        | Reached skill level 10 in Fighting
   115 | D        | Reached skill level 13 in Unarmed Combat
   115 | D        | Reached XP level 8. HP: 62/96 MP: 7/7
   121 | D        | Killed a boulder beetle
   122 | D        | Reached skill level 14 in Unarmed Combat
   140 | D        | Reached skill level 15 in Unarmed Combat
   140 | D        | Found Vurhie Limid's Antique Weapon Emporium.
   140 | D        | Found Tyik Evo's Assorted Antiques.
   140 | D        | Found Vubrouk's Magic Scroll Shoppe.
   140 | D        | Found Ampur's General Store.
   140 | D        | Found Diudgh's Distillery.
   140 | D        | Found Huonlaf's Antique Armour Emporium.
   140 | D        | Found Axumysch's Antique Armour Shoppe.
   141 | D        | Found Messas's Jewellery Emporium.
   141 | D        | Found Ciracab's Antique Weapon Shoppe.
   141 | D        | Found Fiwkot's Weapon Shoppe.
   141 | D        | Noticed a cane toad
   142 | D        | Found Xywip's Distillery.
   143 | D        | Found Dingiem's Jewellery Shoppe.
   143 | D        | Found Loki Iqe's Book Emporium.
   143 | D        | Noticed Menkaure
   143 | D        | Noticed a cane toad
   143 | D        | Noticed an oklob plant
   144 | D        | Found Ocathot's Armour Shoppe.
   144 | D        | Found Haotenyc's Book Shoppe.
   148 | D        | Bought a scroll of blinking for 75 gold pieces
   148 | D        | Bought a scroll of blinking for 75 gold pieces
   148 | D        | Bought a scroll of magic mapping for 75 gold pieces
   149 | D        | Bought a potion of haste for 130 gold pieces
   149 | D        | Bought a potion of curing for 39 gold pieces
   156 | D        | Killed Menkaure
   156 | D        | Reached **** piety under Trog
   161 | D        | Noticed a fire dragon
   162 | D        | Bought 2 potions of heal wounds for 120 gold pieces
   162 | D        | Bought a potion of cancellation for 96 gold pieces
   162 | D        | Bought a potion of curing for 36 gold pieces
   162 | D        | Bought a potion of flight for 36 gold pieces
   163 | D        | Bought a ring of flight for 192 gold pieces
   196 | D        | Found a hazy altar of Hepliaklqana.
   196 | D        | Found a snail-covered altar of Cheibriados.
   197 | D        | Found a stormy altar of Qazlal.
   197 | D        | Found a viscous altar of Jiyva.
   197 | D        | Found a shadowy altar of Dithmenos.
   198 | D        | Found a sacrificial altar of Ru.
   198 | D        | Found an ancient bone altar of Kikubaaqudgha.
   198 | D        | Found a white marble altar of Elyvilon.
   199 | D        | Found a shimmering blue altar of Sif Muna.
   199 | D        | Found an ornate altar of the Wu Jian Council.
   199 | D        | Found a corrupted altar of Lugonu.
   199 | D        | Found a blossoming altar of Fedhas.
   201 | D        | Found a shimmering altar of Xom.
   201 | D        | Found a bloodstained altar of Trog.
   201 | D        | Found a burning altar of Makhleb.
   202 | D        | Found a glowing golden altar of the Shining One.
   202 | D        | Found a basalt altar of Yredelemnul.
   202 | D        | Found a hide-covered altar of Uskayaw.
   203 | D        | Found a glowing silver altar of Zin.
   203 | D        | Found a radiant altar of Vehumet.
   211 | D        | Noticed a kraken
   222 | D        | Reached XP level 9. HP: 106/106 MP: 8/8
   242 | D        | Found a sparkling altar of Nemelex Xobeh.
   243 | D        | Found an iron altar of Okawaru.
   243 | D        | Found an opulent altar of Gozag.
   389 | D        | HP: 7/159 [tentacle[a kraken] (13)]
   391 | D        | Slain by a kraken

Illustrated notes

Levels and vault maps discovered:
D:        the_violet_keep_of_menkaure [sprint2_stairs_cluster_1,
          sprint2_shoproom, sprint2_temple, sprint2_basic_supplies,
          sprint2_obstacle_1, sprint2_obstacle_4, sprint2_obstacle_7,
          sprint2_obstacle_6, sprint2_obstacle_2, sprint2_timed_cluster_1,
          sprint2_smallroom_cluster_1, sprint2_smallroom_final_cluster_1,
          sprint2_transparent_cluster_1, sprint2_second_timed_cluster_1,
          sprint2_sniper_area_1, sprint2_heavy_combat_area_1,
          sprint2_mutation_trap_area_1, sprint2_forest_area_1,
          sprint2_light_combat_area_1, sprint2_behind_water_1,
          sprint2_near_end_vault_1]

Skill      XL: |  1  2  3  4  5  6  7  8 |
---------------+-------------------------+-----
Fighting       | 6 7 9 10 11 | 11.9
Unarmed Combat | 7 9 11 13 15 | 15.8
Dodging        | |  2.4

Action                   |  1- 3 |  4- 6 |  7- 9 || total
-------------------------+-------+-------+-------++-------
Melee: Unarmed           |     7 |    14 |    39 ||    60
       Punch             |       |     1 |     3 ||     4
Invok: Berserk           |     1 |       |     3 ||     4
       Trog's Hand       |       |     1 |     3 ||     4
  Use: Scroll            |       |       |     6 ||     6
 Stab: Sleeping          |       |     1 |       ||     1
Armor: Animal skin       |     1 |     1 |     6 ||     8
Dodge: Dodged            |     2 |     4 |    17 ||    23

Table legend: (Time is in decaauts)
 A = Elapsed time spent in this place.
 B = Non-inter-level travel time spent in this place.
 C = Inter-level travel time spent in this place.
 D = Time resting spent in this place.
 E = Time spent auto-exploring this place.
 F = Levels seen in this place.
 G = Mean time per level.
                   A        B        C        D        E       F      G
               +--------+--------+--------+--------+--------+-----+--------+
         Total |    399 |    399 |      0 |     63 |      0 |   1 |  399.0 |
       Dungeon |    399 |    399 |      0 |     63 |      0 |   1 |  399.0 |
               +--------+--------+--------+--------+--------+-----+--------+

Top non-repeatable levels by time:
       D: 399 daAuts
